 Dungeon Crawl Stone Soup version 0.18-a0-943-g2c08dd4 (webtiles) character file.

1246 Yawgmoth the Firebug (level 8, -1/61 HPs)
             Began as a Mummy Fire Elementalist on Dec 28, 2015.
             Killed from afar by Blork the orc (7 damage)
             ... with a magic dart
             ... on level 5 of the Dungeon.
             The game lasted 00:34:06 (8098 turns).

Yawgmoth the Firebug (Mummy Fire Elementalist)      Turns: 8098, Time: 00:34:06

Health: -1/61      AC:  7    Str: 11    XL:     8   Next: 25%
Magic:  14/14      EV: 11    Int: 19    God:
Gold:   303        SH:  0    Dex: 13    Spells: 2 memorised, 10 levels left

rFire  x . .     SeeInvis .     D - +0 shortbow
rCold  + . .     Gourm    .     g - +0 leather armour
rNeg   + + +     Faith    .     (shield currently unavailable)
rPois  ∞         Spirit   .     C - +0 helmet
rElec  .         Dismiss  .     (no cloak)
rCorr  .         Reflect  .     E - +2 pair of gloves
SustAt .         Harm     .     (no boots)
MR     +....                    (no amulet)
Stlth  ++........               (no ring)
                                j - +3 ring of intelligence

@: somewhat resistant to hostile enchantments, unstealthy
A: no food or potions, fire vulnerability, cold resistance 1, negative energy
resistance 3, torment resistance, unbreathing
a: no special abilities


You were on level 5 of the Dungeon.
You were not hungry.

You visited 1 branch of the dungeon, and saw 5 of its levels.

You collected 303 gold pieces.

Inventory:

Hand Weapons
 a - a +1 halberd of protection
 z - a +2 spear of venom
 A - a +2 halberd of pain
 D - a +0 shortbow (weapon)
Missiles
 c - 10 silver sling bullets
 k - 25 poisoned needles
 m - 35 arrows (quivered)
 o - 72 stones
 p - 8 needles of paralysis
 r - 40 bolts
 u - 20 sling bullets
 B - a throwing net
Armour
 g - a +0 leather armour (worn)
 C - a +0 helmet (worn)
 E - a +2 pair of gloves (worn)
Jewellery
 j - a +3 ring of intelligence (left hand)
Wands
 w - a wand of enslavement (8/24)
Scrolls
 d - 2 scrolls of enchant armour {unknown}
 e - 4 scrolls of identify {unknown}
 f - a scroll of random uselessness {unknown}
 h - 2 scrolls of amnesia {unknown}
 i - a scroll of immolation {unknown}
 l - a scroll of recharging {unknown}
 n - a scroll of remove curse {unknown}
 q - 2 scrolls of fear {unknown}
 s - 2 scrolls of enchant weapon {unknown}
 t - a scroll of blinking {unknown}
 x - a scroll of magic mapping {unknown}
 y - 2 scrolls of noise {unknown}
Books
 b - a book of Flames

   Spells                             Type                      Level
   a - Flame Tongue                   Conjuration/Fire             1
   b - Throw Flame                    Conjuration/Fire             2
   c - Conjure Flame                  Conjuration/Fire             3
   d - Inner Flame                    Hexes/Fire                   3
   e - Sticky Flame                   Conjuration/Fire             4
   f - Fireball                       Conjuration/Fire             5
Miscellaneous
 v - a plain deck of summoning


   Skills:
 + Level 4.7 Fighting
 - Level 1.6 Dodging
 - Level 1.5 Stealth
 + Level 4.5 Spellcasting
 + Level 3.7 Conjurations
 * Level 5.3 Fire Magic


You had 10 spell levels left.
You knew the following spells:

 Your Spells              Type           Power        Failure   Level  Hunger
a - Flame Tongue          Conj/Fire      ###..        2%          1    N/A
b - Fireball              Conj/Fire      ###.......   78%         5    N/A

Dungeon Overview and Level Annotations

Branches:
Dungeon (5/15)
 Temple: D:4-7

Altars:
Elyvilon
Nemelex Xobeh

Shops:
D:5 !

Annotations:
D:5 Blork the orc, Prince Ribbit


Innate Abilities, Weirdness & Mutations

You do not eat or drink.
Your flesh is vulnerable to fire.
You are immune to poison.
Your flesh is cold resistant.
You are immune to negative energy.
You are immune to unholy pain and torment.
You can survive without breathing.


Message History

The puff of flame hits you! The fire burns you terribly!
* * * LOW HITPOINT WARNING * * *
A magic dart appears from out of thin air!
The magic dart hits you!
* * * LOW HITPOINT WARNING * * *
Unknown command.
Blork the orc appears from thin air!
Reactivating autopickup.
There is a stone staircase leading up here.
You are too injured to fight recklessly!
You are too injured to fight recklessly!
Firing (i - inventory. (,) - cycle):
m - 36 arrows (quivered)
Press: ? - help, Shift-Dir - straight line, f - Blork the orc
Aim: Blork the orc, wielding a morningstar and wearing a robe (almost dead, fast)
You shoot an arrow.
The arrow hits Blork the orc but does no damage.
Blork the orc is almost dead.
Blork the orc casts a spell at you. The magic dart hits you!
You die...

.###. ... .... .. #..
#.#####. #######
#..#.... #..<..#
+..#.##. #..)..#
#....##. #.....##
#....... #..@...###
##....##
#....#...#####....##
####...................
#.........o............
#..........(.......#...
#......#######.....#..)
####...# #.##......
#...# ####.###.....
##.### #......###...


You could see Blork the orc.

Vanquished Creatures
  2 ogres
  2 centaurs
  A crimson imp (D:5)
  An orc priest (D:4)
  A hound (D:4)
  4 iguanas
  2 orc wizards
  2 worker ants
  Robin (D:3)
  37 gnolls (D:3)
  8 adders
  A shadow imp (D:4)
  2 oozes
  An adder skeleton (D:4)
  7 worms
  9 orcs
  7 giant cockroaches
  15 goblins
  8 hobgoblins
  23 jackals
  9 kobolds
  2 ball pythons (D:1)
  9 bats
  4 giant geckos
  A giant gecko zombie (D:5)
  4 giant newts
  5 rats
168 creatures vanquished.

Vanquished Creatures (others)
  A quokka (D:4)
1 creature vanquished.

Grand Total: 169 creatures vanquished

Notes
Turn   | Place    | Note
--------------------------------------------------------------
     0 | D:1      | Yawgmoth the Mummy Fire Elementalist began the quest for the Orb.
     0 | D:1      | Reached XP level 1. HP: 13/13 MP: 3/3
   725 | D:1      | Reached XP level 2. HP: 19/19 MP: 3/5
   881 | D:1      | Reached skill level 1 in Conjurations
   921 | D:1      | Reached skill level 1 in Fighting
  1437 | D:2      | Reached XP level 3. HP: 26/26 MP: 2/6
  2082 | D:2      | Reached skill level 3 in Fire Magic
  2082 | D:2      | Reached XP level 4. HP: 24/32 MP: 0/8
  2723 | D:3      | Noticed Robin
  3554 | D:3      | Reached XP level 5. HP: 28/38 MP: 9/9
  3612 | D:3      | Noticed a centaur
  3624 | D:3      | Killed a centaur
  3958 | D:3      | Found a sparkling altar of Nemelex Xobeh.
  3985 | D:3      | Killed Robin
  4169 | D:3      | Noticed an ogre
  4468 | D:3      | Reached XP level 6. HP: 46/46 MP: 7/10
  5221 | D:3      | Reached skill level 4 in Fire Magic
  5350 | D:3      | Reached XP level 7. HP: 53/53 MP: 6/12
  5520 | D:3      | Learned a level 5 spell: Fireball
  6992 | D:4      | Found a white marble altar of Elyvilon.
  7173 | D:4      | Reached skill level 5 in Fire Magic
  7182 | D:4      | Reached XP level 8. HP: 34/61 MP: 0/14
  7439 | D:5      | Entered Level 5 of the Dungeon
  7641 | D:5      | Noticed Prince Ribbit
  7934 | D:5      | Found Nonuinol's Distillery.
  8050 | D:5      | Noticed Blork the orc
  8098 | D:5      | Killed from afar by Blork the orc

Vault maps used:
D:1:      minmay_arrival_glassed_features
D:3:      lemuel_castle_with_subvaults, nemelex_deck, first_bread, uniq_robin
D:4:      elyvilon_altar_4
D:5:      minmay_temple_entry_enclosed_plants, serial_shops, shop,
          kennysheep_dice, uniq_blork_the_orc, uniq_prince_ribbit1

Action                   |  1- 3 |  4- 6 |  7- 9 || total
-------------------------+-------+-------+-------++-------
Melee: Dagger            |    12 |       |       ||    12
       Rapier            |     3 |    12 |       ||    15
       Halberd           |       |    37 |    35 ||    72
 Fire: Shortbow          |       |       |    65 ||    65
Throw: Stone             |       |    15 |    16 ||    31
 Cast: Flame Tongue      |    60 |   172 |   141 ||   373
 Stab: Sleeping          |       |     1 |       ||     1
       Distracted        |       |     1 |       ||     1
